 Dungeon Crawl Stone Soup version 0.16-a0-3972-g91ea21f (webtiles) character file.

109 MDvedh the Chiller (level 4, -4/30 HPs)
             Began as a Merfolk Ice Elementalist on Feb 11, 2015.
             Slain by an orc
             ... wielding a +0 whip
              (6 damage)
             ... on level 3 of the Dungeon.
             The game lasted 00:06:41 (2910 turns).

MDvedh the Chiller (Merfolk Ice Elementalist)       Turns: 2910, Time: 00:06:41

Health: -4/30      AC:  2    Str:  8    XL:     4   Next: 90%
Magic:  1/8        EV: 13    Int: 14    God:
Gold:   68         SH:  0    Dex: 15    Spells: 2 memorised, 4 levels left

rFire  . . .     SeeInvis .     g - +0 dagger (drain)
rCold  . . .     Clarity  .     a - +0 robe
rNeg   . . .     SustAb   .     (no shield)
rPois  .         Gourm    .     (no helmet)
rElec  .         Spirit   .     (no cloak)
rCorr  .         Warding  .     (no gloves)
rMut   .         Stasis   .     (no boots)
MR     .....                    (no amulet)
Stlth  ++........               (no ring)
                                (no ring)

@: not resistant to hostile enchantments, unstealthy
A: change form in water, swift swim
a: no special abilities


You were on level 3 of the Dungeon.
You were hungry.

You visited 1 branch of the dungeon, and saw 3 of its levels.

You collected 68 gold pieces.

Inventory:

Hand weapons
 g - a +0 dagger of draining (weapon)
Armour
 a - a +0 robe (worn)
Jewellery
 j - a +4 ring of intelligence {unknown}
Scrolls
 d - 3 scrolls of identify {unknown}
 e - a scroll of magic mapping {unknown}
 f - a scroll of amnesia {unknown}
 m - 2 scrolls of fog {unknown}
 n - 2 scrolls of remove curse {unknown}
 s - a scroll of fear {unknown}
Potions
 h - a potion of agility {unknown}
 l - 2 potions of curing {unknown}
 o - a potion of heal wounds {unknown}
 p - a potion of brilliance {unknown}
 q - a potion of lignification {unknown}
Books
 b - a book of Frost

   Spells                             Type                      Level
   a - Freeze                         Ice                          1
   b - Throw Frost                    Conjuration/Ice              2
   c - Ozocubu's Armour               Charms/Ice                   3
   d - Throw Icicle                   Conjuration/Ice              4
   e - Summon Ice Beast               Ice/Summoning                4
   f - Condensation Shield            Ice                          4
Comestibles
 c - a bread ration
 i - 2 royal jellies
 k - 4 fruits
 t - a meat ration


   Skills:
 - Level 2.6 Dodging
 - Level 2.1 Stealth
 - Level 2.9 Spellcasting
   Level 0.7 Conjurations
 * Level 1.9 Charms
 + Level 4.8 Ice Magic


You had 4 spell levels left.
You knew the following spells:

 Your Spells              Type           Power        Failure   Level  Hunger
a - Freeze                Ice            ###.         2%          1    #......
b - Ozocubu's Armour      Chrm/Ice       ##......     17%         3    ###....


Dungeon Overview and Level Annotations

Branches:
Dungeon (3/15)

Altars:


Message History

Unknown command.
Casting: Freeze
Confirm with . or Enter, or press ? or * to list all spells.
Aiming: Freeze
Press: ? - help, Shift-Dir - straight line, f/p - Natasha
Aim: Natasha (almost dead)
You freeze Natasha.
You kill Natasha!
Natasha screams in fury as she dies!
The orc misses you.
Unknown command.
Casting: Freeze
Confirm with . or Enter, or press ? or * to list all spells.
Aiming: Freeze
Press: ? - help, Shift-Dir - straight line, f - orc
Aim: an orc, wielding a whip You freeze the orc.
The orc is severely wounded.
The orc hits you with a whip.
You die...

. ### .# .... .#### #.... ...(
##### ><..#.# ...# #..)##
#..... ...## #.#... #.....#....
#.#### .###.#..†#.# ##.##
........@o.# #...# ######...###
#...# #...# #...# #...# #.### #
#######<..##########.#####
##.#.#.........(...........^.##
........................#..#...
###..#...............#..#..#..#
#######...#####.#........#


You could see an orc.

Vanquished Creatures
  Natasha (D:3)
  2 adders
  2 worms
  A giant gecko (D:1)
  An ooze (D:2)
  A ball python (D:1)
  2 giant cockroaches
  6 goblins
  6 hobgoblins
  A quokka (D:3)
  8 bats
  2 giant newts (D:1)
  10 jackals
  4 kobolds
  10 rats
57 creatures vanquished.

Notes
Turn   | Place    | Note
--------------------------------------------------------------
     0 | D:1      | MDvedh, the Merfolk Ice Elementalist, began the quest for the Orb.
     0 | D:1      | Reached XP level 1. HP: 13/13 MP: 3/3
   406 | D:1      | Reached XP level 2. HP: 16/19 MP: 4/4
   748 | D:1      | Reached skill level 4 in Ice Magic
   982 | D:1      | Reached XP level 3. HP: 20/24 MP: 6/6
  2166 | D:2      | Reached XP level 4. HP: 30/30 MP: 8/8
  2278 | D:2      | Learned a level 3 spell: Ozocubu's Armour
  2763 | D:3      | Reached skill level 1 in Charms
  2899 | D:3      | Noticed Natasha
  2909 | D:3      | Killed Natasha
  2910 | D:3      | Slain by an orc

Action                   |  1- 3 |  4- 6 || total
-------------------------+-------+-------++-------
Melee: Unarmed           |    14 |       ||    14
       Dagger            |   117 |    70 ||   187
 Cast: Freeze            |     7 |     7 ||    14
       Ozocubu's Armour  |       |     1 ||     1
 Stab: Sleeping          |     2 |     2 ||     4
  Eat: Chunk             |     4 |     2 ||     6
